 Dungeon Crawl Stone Soup version 0.30-a0-757-ga6a79fd877 (webtiles) character file.

Game seed: 10190401485610904129

803 cforsyth the Summoner (level 7, -3/36 HPs)
             Began as a Tengu Summoner on Feb 10, 2023.
             Slain by an iron imp (5 damage)
             ... summoned by Eustachio
             ... on level 4 of the Dungeon.
             The game lasted 00:09:08 (4112 turns).

cforsyth the Summoner (Tengu Summoner)              Turns: 4112, Time: 00:09:08

Health: -3/36      AC:  3    Str:  8    XL:     7   Next: 91%
Magic:  16/16      EV: 14    Int: 17    God:
Gold:   181        SH:  0    Dex: 15    Spells: 4/17 levels left

rFire   . . .      SeeInvis .    (no weapon)
rCold   . . .      Faith    .    (no shield)
rNeg    . . .      Spirit   .    a - +0 robe
rPois   .          Reflect  .    (helmet restricted)
rElec   .          Harm     .    r - +0 cloak
rCorr   .          Rampage  .    (no gloves)
Will    .....                    (boots unavailable)
Stlth   ++                       (no amulet)
HPRegen 0.26/turn                (no ring)
MPRegen 0.15/turn                (no ring)

@: flying quickly and evasively, quick
A: beak, talons 3, nimble flight
a: no special abilities


You were on level 4 of the Dungeon.
You visited 1 branch of the dungeon, and saw 4 of its levels.

You collected 181 gold pieces.

Inventory:

Armour
 a - a +0 robe (worn)
 r - a +0 cloak (worn)
Scrolls
 f - a scroll of immolation
 g - 2 scrolls of teleportation
 h - a scroll of vulnerability
 i - a scroll of fog
 m - a scroll of silence {unknown}
 o - a scroll of poison {unknown}
 p - a scroll of fear {unknown}
 s - a scroll of magic mapping {unknown}
Potions
 b - a potion of magic
 c - 4 potions of lignification
 d - a potion of brilliance
 j - a potion of heal wounds
 q - 2 potions of attraction


   Skills:
 - Level 2.1 Dodging
 - Level 2.0 Stealth
 + Level 5.8 Spellcasting
 + Level 8.7 Summonings


You had 4 spell levels left.
You knew the following spells:

 Your Spells              Type           Power      Damage    Failure   Level
a - Summon Small Mammal   Summ           100%       N/A       1%          1
b - Call Imp              Summ           34%        N/A       1%          2
c - Call Canine Familiar  Summ           34%        N/A       1%          3
d - Summon Guardian Gole  Hex/Summ       19%        N/A       6%          3
e - Summon Lightning Spi  Summ/Air       19%        N/A       22%         4

Your spell library contained the following spells:

 Spells                   Type           Power      Damage    Failure   Level
 Apportation              Tloc           8%         N/A       13%         1
 Alistair's Intoxication  Tmut/Pois      2%         N/A       98%         5


Dungeon Overview and Level Annotations

Branches:
Dungeon (4/15)
 Temple: D:4-7

Altars:
Kikubaaqudgha

Annotations:
D:4 Eustachio


Innate Abilities, Weirdness & Mutations

You have a beak for a mouth.
You have claws for feet.
Your magical nature lets you fly swiftly and evasively.


Message History

The bat hits you.
Eustachio casts a spell.
Eustachio blinks!
The bat barely misses you. The bat misses you.
The bat attacks as you move away! The bat hits you. x2
The bat attacks as you move away! The bat hits you.
The bat completely misses you. The bat barely misses you. The bat misses you.
There is a stone staircase leading up here.
The bat hits you but does no damage. The bat closely misses you.
You fly upwards.
There is a stone staircase leading down here.
You fly downwards.
Level annotation: Eustachio The river rat closely misses you.
The river rat bites you but does no damage.
The bat barely misses you. The river rat misses you.
The river rat bites you but does no damage.
There is a stone staircase leading up here.
The bat closely misses you.
Eustachio gestures wildly while chanting.
The river rat bites you. The river rat closely misses you.
You fly upwards.
There is a stone staircase leading down here.
You fly downwards.
Level annotation: Eustachio Eustachio hits you with a +0 rapier.
The river rat bites you but does no damage.
The river rat misses you. The iron imp puffs mist at you.
The iron imp barely misses you. Eustachio hits you with a +0 rapier.
The iron imp hits you.
There is a stone staircase leading up, spattered with blood here.
The river rat bites you! The river rat misses you.
Eustachio calls on the powers of shadow!
Eustachio hits you with a +0 rapier!
* * * LOW HITPOINT WARNING * * *
The iron imp misses you. The iron imp hits you.
You die...

## ###
.####.#############
..............b@@5#
####...........rr5#
#...).[......5.#
#...÷.[........#
#.......≈~~....#
##....####(≈~~~~..
##....####.≈..≈≈≈~
#...............≈~≈
#................≈.


You could see Eustachio, 2 iron imps, a quasit (summoned), 2 river rats and a
bat (summoned).

Vanquished Creatures
  2 vampire bats (D:4)
  2 bat skeletons (D:4)
  2 bat zombies (D:4)
  2 endoplasms
  2 hobgoblins
  3 jackals (D:1)
  A kobold (D:1)
  A quokka (D:1)
  3 ball pythons
  2 bats
  A rat (D:2)
21 creatures vanquished.

Vanquished Creatures (collateral kills)
  Sigmund (D:3)
  A water moccasin (D:4)
  A scorpion (D:3)
  A vampire bat (D:4)
  An iguana (D:4)
  4 adders (D:2)
  3 gnolls (D:2)
  A dart slug (D:3)
  A bat skeleton (D:4)
  A bat zombie (D:4)
  5 endoplasms
  A giant cockroach (D:3)
  7 hobgoblins
  A jackal (D:1)
  4 quokkas
  7 ball pythons
  A bat (D:1)
  5 frilled lizards
  7 goblins
  4 kobolds
  4 rats
61 creatures vanquished.

Vanquished Creatures (others)
  Duvessa (D:4)
  Dowan (D:4)
  Crazy Yiuf (D:3)
3 creatures vanquished.

Grand Total: 85 creatures vanquished

Notes
Turn   | Place    | Note
-------+----------+-------------------------------------------
     0 | D:1      | cforsyth the Tengu Summoner began the quest for the Orb.
     0 | D:1      | Reached XP level 1. HP: 10/10 MP: 4/4
    79 | D:1      | Reached skill level 5 in Summonings
    83 | D:1      | Reached XP level 2. HP: 15/15 MP: 6/6
    99 | D:1      | Learned a level 2 spell: Call Imp
   303 | D:1      | You fall into a shaft and drop 1 floor!
   464 | D:2      | Reached XP level 3. HP: 19/19 MP: 2/8
   515 | D:3      | Learned a level 3 spell: Call Canine Familiar
   539 | D:3      | Noticed Sigmund
   914 | D:2      | Reached XP level 4. HP: 19/24 MP: 9/9
   918 | D:2      | Learned a level 3 spell: Summon Guardian Golem
  1308 | D:1      | Reached skill level 6 in Summonings
  2122 | D:2      | Gained mutation: Your magical nature lets you fly swiftly
                  | and evasively. [Tengu growth]
  2122 | D:2      | Reached XP level 5. HP: 28/28 MP: 7/11
  2537 | D:3      | Killed Sigmund
  2538 | D:3      | Reached skill level 7 in Summonings
  2538 | D:3      | Reached XP level 6. HP: 32/32 MP: 5/13
  2621 | D:3      | Learned a level 4 spell: Summon Lightning Spire
  2707 | D:3      | Found a runed translucent door.
  2708 | D:3      | Noticed Crazy Yiuf
  3222 | D:3      | Killed Crazy Yiuf
  3514 | D:4      | Noticed Duvessa
  3514 | D:4      | Noticed Dowan
  3532 | D:4      | Killed Duvessa
  3533 | D:4      | Reached skill level 5 in Spellcasting
  3533 | D:4      | Reached XP level 7. HP: 36/36 MP: 6/15
  3533 | D:4      | Killed Dowan
  3534 | D:4      | Reached skill level 8 in Summonings
  3631 | D:4      | Found an ancient bone altar of Kikubaaqudgha.
  4024 | D:4      | Noticed Eustachio
  4112 | D:4      | Slain by an iron imp

Illustrated notes

Levels and vault maps discovered:
D:1:      scummos_arrival_forest, layout_basic
D:2:      layout_basic, wad_floor_pattern_1, minmay_door_square, minivault_14,
          minmay_hexomino_c4
D:3:      layout_basic, uniq_crazy_yiuf_cottage, uniq_sigmund
D:4:      layout_gridville, kennysheep_vampire_church, serial_rivers,
          chequers_serial_rivers_small_3, chequers_serial_rivers_small_3,
          chequers_serial_rivers_room_b, chequers_serial_rivers_small_a,
          uniq_eustachio, uniq_duvessa

Skill      XL: |  1  2  3  4  5  6  7 |
---------------+----------------------+-----
Summonings     | 5 6 7 8 |  8.7
Spellcasting   | 3 4 5 |  5.8
Dodging        | |  2.1
Stealth        | |  2.0

Action                     |  1- 3 |  4- 6 |  7- 9 || total
---------------------------+-------+-------+-------++-------
  Melee: Unarmed           |    32 |     7 |    32 ||    71
         Kick              |    11 |     3 |     9 ||    23
         Peck              |     6 |     2 |     8 ||    16
         Punch             |       |       |     1 ||     1
   Cast: Summon Small Mamm |    19 |    15 |     7 ||    41
         Call Imp          |     5 |    10 |     4 ||    19
         Call Canine Famil |     4 |    15 |     4 ||    23
         Summon Guardian G |       |     2 |     1 ||     3
    Use: Scroll            |       |    11 |       ||    11
         Potion            |       |       |     1 ||     1
 Armour: Robe              |     8 |     5 |    43 ||    56
  Dodge: Dodged            |    47 |    17 |   118 ||   182

Table legend: (Time is in decaauts)
 A = Elapsed time spent in this place.
 B = Non-inter-level travel time spent in this place.
 C = Inter-level travel time spent in this place.
 D = Time resting spent in this place.
 E = Time spent auto-exploring this place.
 F = Levels seen in this place.
 G = Mean time per level.
                   A        B        C        D        E       F      G
               +--------+--------+--------+--------+--------+-----+--------+
         Total |   4024 |   3944 |     80 |    726 |   2426 |   4 | 1006.0 |
       Dungeon |   4024 |   3944 |     80 |    726 |   2426 |   4 | 1006.0 |
               +--------+--------+--------+--------+--------+-----+--------+

Top non-repeatable levels by time:
     D:3: 1274 daAuts
     D:2: 1190 daAuts
     D:1: 982 daAuts
     D:4: 577 daAuts
